Map: Ruins of Seras

Players

MaKro - Winner!

  • Race: Zerg Zerg
  • League: Silver

Javert

  • Race: Zerg Zerg
  • League: Platinum

VOD

Have the link to the VOD?

Description

Time

  • Played on: Aug. 25, 2015, 12:08 a.m.
  • Length: 16:54
Show
View Real Time Build Order
Export as new Build Order

MaKro Zerg - Winner!

Build Orders: Hatch First, Lurkers 

Get SALT Encoding   

  12  0:01  Drone  
  13  0:09  Drone  
  14  0:17  Overlord  
  14  0:24  Drone, Extractor  
  15  0:36  Drone x2  
  17  0:54  Hatchery  
  16  0:57  Drone  
  16  1:01  Drone  
  18  1:05  Extractor  
  17  1:16  Spawning Pool  
  16  1:19  Drone  
  17  1:25  Overlord  
  17  1:36  Drone  
  18  1:49  Drone x2  
  20  2:02  Drone  
  20  2:05  Metabolic Boost  
  20  2:06  Queen  
  23  2:09  Queen  
  23  2:13  Drone  
  26  2:16  Drone  
  27  2:25  Zergling x4  
  27  2:29  Drone  
  30  2:37  Drone  
  31  2:46  Drone x2  
  33  2:56  Drone x2  
  35  3:05  Overlord  
  35  3:10  Overlord  
  35  3:12  Baneling Nest, Queen  
  36  3:22  Overlord x2  
  36  3:23  Queen  
  37  3:28  Spine Crawler x2, Zergling x2  
  37  3:29  Zergling x2  
  37  3:40  Drone x4  
  37  3:41  Drone  
  42  3:50  Drone x4  
  46  3:58  Drone x2  
  46  4:01  Roach Warren  
  45  4:15  Zergling x8  
  49  4:25  Zergling x12  
  55  4:36  Drone  
  55  4:37  Drone  
  55  4:39  Queen, Extractor  
  54  4:46  Extractor  
  54  4:51  Drone x4  
  57  4:54  Hatchery  
  57  4:58  Drone  
  57  4:59  Drone x2  
  56  5:19  Roach  
  56  5:20  Roach x2  
  58  5:32  Roach  
  58  5:33  Roach x4  
  58  5:35  Lair  
  68  5:47  Overlord x4  
  68  5:52  Extractor  
  67  5:57  Drone  
  67  5:59  Overlord x3  
  68  6:08  Evolution Chamber x2  
  66  6:11  Queen  
  66  6:12  Drone x3  
  66  6:13  Drone x2  
  66  6:17  Drone  
  74  6:24  Hatchery  
  73  6:26  Roach  
  73  6:27  Roach x3  
  81  6:35  Hatchery  
  80  6:40  Hydralisk Den  
  80  6:43  Zerg Missile Weapons Level 1  
  80  6:44  Zerg Ground Armor Level 1  
  79  6:52  Glial Reconstitution  
  79  6:54  Drone x3  
  81  6:55  Drone  
  81  6:56  Drone  
  81  6:57  Drone  
  85  7:09  Roach x4  
  85  7:10  Roach  
  85  7:15  Lurker Den  
  95  7:23  Hydralisk x3  
  95  7:25  Hydralisk  
  103  7:39  Queen  
  103  7:43  Hydralisk x5  
  113  7:48  Queen  
  117  7:54  Drone x2  
  117  7:55  Drone x2  
  121  8:12  Drone x5  
  126  8:13  Overlord x2  
  126  8:17  Infestation Pit  
  125  8:20  Roach x9  
  125  8:23  Overlord  
  125  8:24  Overlord x4  
  125  8:37  Ravager x4  
  125  8:38  Ravager x5  
  127  8:41  Ravager x3  
  127  8:42  Ravager x2  
  127  8:45  Lurker x4  
  134  8:50  Drone x2, Extractor  
  134  8:51  Extractor  
  134  8:58  Overlord x4  
  134  8:59  Overlord  
  134  9:00  Muscular Augments  
  134  9:13  Hydralisk  
  134  9:14  Hydralisk, Roach x3  
  134  9:15  Roach  
  146  9:23  Roach x3  
  146  9:24  Roach  
  154  9:25  Overlord x2  
  154  9:26  Overlord  
  150  9:44  Hatchery  
  149  9:50  Hydralisk x3  
  149  9:51  Hydralisk, Roach x4  
  151  10:12  Hydralisk  
  151  10:13  Hydralisk x3, Roach  
  120  10:52  Hydralisk x4, Roach x2  
  120  10:53  Roach  
  89  11:57  Hatchery  
  88  12:06  Extractor  
  77  12:10  Extractor  
  77  12:12  Drone x4  
  72  12:30  Hatchery  
  71  12:38  Drone x3  
  72  13:29  Hatchery  
  72  13:58  Hatchery  
  66  14:49  Drone  
Show
View Real Time Build Order
Export as new Build Order

Javert Zerg 

Build Orders: Pool First, Lurkers 

Get SALT Encoding   

  12  0:01  Drone  
  13  0:13  Overlord  
  13  0:18  Drone  
  14  0:32  Drone x2  
  16  0:38  Drone  
  16  0:41  Extractor  
  16  0:47  Drone  
  17  0:52  Spawning Pool  
  16  0:57  Drone  
  17  1:08  Drone  
  18  1:25  Hatchery  
  17  1:40  Roach Warren  
  17  1:43  Queen  
  18  1:47  Drone  
  18  1:51  Drone  
  20  2:01  Drone x2  
  22  2:10  Overlord  
  22  2:27  Queen  
  22  2:29  Roach  
  26  2:32  Roach  
  28  2:39  Overlord  
  28  2:44  Roach  
  30  2:57  Roach x4  
  38  3:10  Overlord  
  38  3:13  Drone x2  
  40  3:29  Drone x4  
  44  3:35  Baneling Nest  
  44  3:36  Drone x3  
  46  3:42  Drone  
  46  3:47  Drone  
  48  3:52  Drone  
  49  3:58  Overlord  
  47  4:14  Drone x4  
  47  4:15  Drone x2  
  51  4:28  Lair  
  51  4:30  Extractor  
  50  4:32  Roach, Extractor  
  50  4:33  Roach x3, Extractor  
  50  4:45  Drone x4  
  50  4:57  Roach x2  
  50  4:58  Spine Crawler  
  53  5:14  Queen  
  50  5:21  Drone x5  
  50  5:26  Glial Reconstitution  
  53  5:30  Drone  
  53  5:31  Drone x4  
  58  5:43  Roach  
  58  5:48  Hatchery  
  59  5:50  Overlord  
  59  5:51  Hatchery, Overlord  
  58  6:01  Ravager x2  
  60  6:13  Evolution Chamber, Ravager x2  
  60  6:14  Drone x7  
  60  6:15  Drone  
  69  6:25  Evolution Chamber  
  68  6:35  Drone x4  
  72  6:41  Zerg Missile Weapons Level 1  
  72  6:46  Drone x3, Hydralisk Den, Overseer  
  74  6:49  Overlord  
  74  6:53  Overlord  
  74  6:59  Overlord  
  74  7:06  Roach x4  
  82  7:12  Queen  
  82  7:14  Queen  
  82  7:15  Extractor x2  
  84  7:17  Zerg Ground Armor Level 1  
  84  7:19  Roach  
  84  7:20  Roach x3  
  94  7:30  Roach x5  
  102  7:41  Overlord x2  
  102  7:42  Overlord  
  102  7:46  Drone x2  
  104  7:59  Lurker Den  
  104  8:01  Roach  
  104  8:02  Roach x8  
  104  8:04  Drone  
  123  8:13  Overlord  
  123  8:21  Overlord  
  123  8:35  Overlord x2  
  123  8:38  Zerg Missile Weapons Level 2  
  123  8:44  Overseer  
  123  8:51  Hydralisk  
  123  8:52  Hydralisk x4  
  123  8:53  Extractor  
  132  8:55  Hatchery, Extractor  
  132  8:56  Overlord  
  130  9:15  Hydralisk  
  130  9:16  Hydralisk x6  
  144  9:28  Lurker x4  
  148  9:34  Drone  
  148  9:35  Drone x6  
  155  9:38  Overseer  
  84  11:03  Extractor  
  83  11:04  Extractor  
  83  11:05  Hatchery  
  81  11:13  Extractor  
  66  11:55  Extractor  
  60  12:39  Drone x2  
  60  12:40  Drone  
  51  12:55  Drone x3  
  54  13:17  Drone x2  
  56  13:28  Drone  
  56  13:43  Hatchery  
  49  14:17  Hatchery  
  48  15:14  Burrow  
  45  16:28  Overlord x3  
Tags
 
Add a new tag
Caveats
  • Supply blocks, unpowered buildings, or Contaminate may cause inaccurate times.
  • Supply counts are checked every 10 seconds.